 Dungeon Crawl Stone Soup version 0.31-a0-345-g1ebeae05c6 (webtiles) character file.

Game seed: 6235644380753674587

34962 PigKeeper the Fighter (level 13, -4/154 HPs)
             Began as an Ogre Ice Elementalist on July 22, 2023.
             Was a High Priest of Ashenzari.
             Slain by a demonspawn (11 damage)
             ... on level 2 of the Orcish Mines.
             The game lasted 03:02:16 (17999 turns).

PigKeeper the Fighter (Ogre Ice Elementalist)      Turns: 17999, Time: 03:02:16

Health: -4/154     AC:  8    Str: 15    XL:     13   Next: 80%
Magic:  6/32       EV: 12    Int: 20    God:    Ashenzari [*****.]
Gold:   2403       SH: 19    Dex: 15    Spells: 9/43 levels left

rFire   . . .        a - staff of the Ensconced Seer (curse) {rC+ Ice, !a, Elem, Fort} (curse)
rCold   + . .        m - +0 kite shield "Eternal Ordeal" {Elem, Self} (curse)
rNeg    . . .        X - +0 troll leather armour of Ashenzari's Soothsayer {Regen+, Cun, Alch} (curse)
rPois   .            (helmet restricted)
rElec   .            x - +2 cloak of Supernal Understanding {Cun, Self} (curse)
rCorr   .            (gloves unavailable)
SInv    +            (boots unavailable)
Will    ++...        p - amulet of the Revealing Chagrin {Reflect SH+5, Self, Fort} (curse)
Stlth   ++           D - ring of Ashenzari's Inaction {Dex+6, Fort, Cun} (curse)
HPRegen 1.25/turn    M - ring "Tethered Together" {Will+, Self, Fort} (curse)
MPRegen 0.23/turn

%: reflection, clarity
@: no status effects
A: large, unfitting armour, tough skin 1
a: Renounce Religion, Shatter the Chains


You were on level 2 of the Orcish Mines.
You worshipped Ashenzari.
Ashenzari was extremely pleased with you.
You visited 3 branches of the dungeon, and saw 15 of its levels.
You also visited: Bailey.

You collected 2403 gold pieces.


Innate Abilities, Weirdness & Mutations

You are too large for most types of armour.
You have tough skin. (AC +1)


   Skills:
 + Level 11.8(16.8) Fighting
 - Level 1.1(3.8) Armour
 - Level 4.0(7.7) Dodging
 - Level 1.4(4.0) Stealth
 - Level 10.6(15.6) Shields
 + Level 10.7(15.7) Spellcasting
 + Level 7.2 Conjurations
 + Level 4.3 Summonings
 + Level 4.3 Necromancy
 + Level 9.0(12.2) Ice Magic
 - Level 3.6(6.4) Air Magic
 + Level 5.3 Evocations


You had 9 spell levels left.
You knew the following spells:

 Your Spells              Type           Power      Damage    Failure   Level
b - Sublimation of Blood  Necr           33%        N/A       1%          2
c - Freezing Cloud        Conj/Ice/Air   33%        6-21      7%          5
f - Frozen Ramparts       Ice            100%       1d16      1%          3
h - Hailstorm             Conj/Ice       70%        3d15      1%          3
j - Arcjolt               Conj/Air       21%        1d31      14%         5
k - Airstrike             Air            20%        2d(3-19)  6%          4
o - Ozocubu's Armour      Ice            77%        N/A       1%          3
s - Summon Ice Beast      Ice/Summ       65%        N/A       2%          4
y - Freeze                Ice            100%       1d10      1%          1
z - Shock                 Conj/Air       100%       1d9       1%          1
S - Swiftness             Air            41%        N/A       1%          3

Your spell library contained the following spells:

 Spells                   Type           Power      Damage    Failure   Level
 Cigotuvi's Dreadful Rot  Necr/Pois/Air  60%        N/A       2%          2
 Momentum Strike          Conj/Tloc      60%        3d9       2%          2
 Vhi's Electric Charge    Tloc/Air       56%        N/A       7%          3
 Blink                    Tloc           30%        N/A       12%         2
 Lesser Beckoning         Tloc           30%        N/A       12%         2
 Iskenderun's Mystic Bla  Conj/Tloc      30%        2d8       19%         4
 Ignite Poison            Fire/Tmut/Pois 17%        N/A       22%         3
 Portal Projectile        Hex/Tloc       30%        N/A       24%         3
 Tukima's Dance           Hex            15%        N/A       24%         3
 Irradiate                Conj/Tmut      15%        3d16      43%         5
 Petrify                  Tmut/Erth      17%        N/A       56%         4
 Summon Forest            Summ/Tloc      12%        N/A       67%         5
 Plasma Beam              Fire/Air       14%        2x1d25    97%         6
 Eringya's Noxious Bog    Tmut/Pois      8%         4d6       100%        6
 Summon Hydra             Summ           16%        N/A       100%        7

Inventory:

Hand Weapons
 b - a +2 dagger of venom
   (You took it off a kobold on level 2 of the Dungeon)
 g - a +1 dagger of speed
   (You took it off a goblin on level 1 of the Dungeon)
Missiles
 c - 4 throwing nets {=f!f}
 e - 6 large rocks {=f}
 s - 23 poisoned darts
 A - 3 silver boomerangs
 E - 19 boomerangs
 V - 4 curare-tipped darts {=f}
Armour
 m - the cursed +0 kite shield "Eternal Ordeal" (worn) {Elem, Self}
   (You found it on level 2 of the Dungeon)

   It has a curse which improves the following skills: Elements: Fire Magic, Ice
   Magic, Air Magic and Earth Magic.
   Introspection: Fighting and Spellcasting.
 x - the cursed +2 cloak of Supernal Understanding (worn) {Cun, Self}
   (You found it on level 4 of the Dungeon)

   It has a curse which improves the following skills: Cunning: Dodging and
   Stealth.
   Introspection: Fighting and Spellcasting.
 X - the cursed +0 troll leather armour of Ashenzari's Soothsayer (worn) {Regen+, Cun, Alch}
   (You found it on level 11 of the Dungeon)

   Regen:     It increases your rate of health regeneration.
   It has a curse which improves the following skills: Cunning: Dodging and
   Stealth.
   Alchemy:   Poison Magic and Transmutations.
Magical Staves
 a - the cursed staff of the Ensconced Seer (weapon) {rC+ Ice, !a, Elem, Fort}
   (You found it on level 3 of the Dungeon)

   [staff of cold]

   Base accuracy: +5 Base damage: 5 Base attack delay: 1.2 This weapon's minimum
   attack delay (0.6) is reached at skill level 12.
   rC:        It protects you from cold.
   Ice:       It increases the power of your Ice spells.
   It falls into the 'Staves' category.
   It is a one-handed weapon.
   It has a curse which improves the following skills: Elements: Fire Magic, Ice
   Magic, Air Magic and Earth Magic.
   Fortitude: Armour and Shields.
 T - a staff of air {!a}
   (You found it in a bailey)
Jewellery
 p - the cursed amulet of the Revealing Chagrin (around neck) {Reflect SH+5, Self, Fort}
   (You found it on level 1 of the Dungeon)

   [amulet of reflection]

   It reflects blocked missile attacks.
   SH:        It affects your SH (+5).
   It has a curse which improves the following skills: Introspection: Fighting
   and Spellcasting.
   Fortitude: Armour and Shields.
 D - the cursed ring of Ashenzari's Inaction (left hand) {Dex+6, Fort, Cun}
   (You found it on level 8 of the Dungeon)

   [ring of dexterity]

   Dex:       It affects your dexterity (+6).
   It has a curse which improves the following skills: Fortitude: Armour and
   Shields.
   Cunning:   Dodging and Stealth.
 J - an amulet of the acrobat
   (You took it off an orc on level 7 of the Dungeon)
 L - a ring of flight
   (You found it on level 5 of the Dungeon)
 M - the cursed ring "Tethered Together" (right hand) {Will+, Self, Fort}
   (You found it on level 8 of the Dungeon)

   [ring of willpower]

   Will:      It increases your willpower.
   It has a curse which improves the following skills: Introspection: Fighting
   and Spellcasting.
   Fortitude: Armour and Shields.
 S - the ring "Erifair" {Fire rElec rN+ MP+9}
   (You took it off a gnoll in a bailey)

   [ring of fire]

   It enhances your fire magic.
   rF:        It protects you from fire.
   rC:        It makes you vulnerable to cold.
   rElec:     It insulates you from electricity.
   rN:        It protects you from negative energy.
   MP:        It affects your magic capacity (+9).
Wands
 h - a wand of paralysis (20)
   (You found it on level 6 of the Dungeon)
 F - a wand of flame (53)
   (You found it on level 6 of the Dungeon)
 P - a wand of acid (11)
   (You took it off Psyche on level 8 of the Dungeon)
 U - a wand of iceblast (5)
   (You took it off a gnoll sergeant in a bailey)
Scrolls
 f - 5 scrolls of immolation {!r!r}
 i - 3 scrolls of vulnerability {!r!r}
 o - 6 scrolls of teleportation {@r4}
 q - 4 scrolls of poison {!r}
 r - a scroll of fog
 w - 2 scrolls of enchant weapon
 y - a scroll of brand weapon
 B - 2 scrolls of blinking {!r}
 C - 2 scrolls of amnesia
 I - a scroll of silence {!r}
 O - a scroll of torment {!r}
 Q - 3 scrolls of revelation
 W - a scroll of butterflies
Potions
 j - a potion of magic
 k - 2 potions of heal wounds {@q2}
 l - 3 potions of resistance
 t - 3 potions of curing {@q1}
 z - a potion of invisibility
 G - 2 potions of brilliance
 H - a potion of mutation {!q}
 K - 2 potions of might
 N - 2 potions of berserk rage {!q}
 R - 2 potions of cancellation
Miscellaneous
 d - a piece from Xom's chessboard (15/15)
   (You found it on level 2 of the Orcish Mines)

Dungeon Overview and Level Annotations

Branches:
Dungeon (12/15)            Temple (1/1) D:7            Lair (0/5) D:10
    Orc (2/2) D:12            Elf (0/3) Orc:2        Bailey (visited)

Altars:
Ashenzari
Cheibriados
Dithmenos
Elyvilon
Fedhas
Gozag
Hepliaklqana
Kikubaaqudgha
Makhleb
Nemelex Xobeh
Okawaru
Qazlal
Ru
Sif Muna
Trog
Uskayaw
Vehumet
Wu Jian
Xom
Yredelemnul
Zin
The Shining One

Shops:
D:5 *   Orc:1 [[[   Orc:2 !!

Annotations:
Orc:1 2 transporters, exclusion: oklob plant, Samael12321's ghost, journeyman TrFi

.....[.###..)##,{ ,*
{##)..###...
......###.#.## ∩
∩*,.##.#.###.[
.....###..[##,,# , *#o.
#...###[ ..[...###.#)##,.#
∩ #..#*,#.###..
....[[[###...## .###☼.#
,,,###...
.#......###..[##..#..#
#...
........{###...##.o)#* ,.
#...
..........###...#6#.#...#*
##..
...........###[.@).....#*
###
............###.#)..#.##
#. #............###.....#
## #........#.#.####...##
# #.......###...# ##.##
#.....##.###.## *##
#.........#### #.....#..##
## #........# ##.


You could see a demonspawn, an orc high priest and an orc sorcerer.


Message History

You feel a surge of power!
A cannonade of hail descends around you!
The hail pelts the orc knight!
You kill the orc knight!
The demonspawn is engulfed in freezing vapours. 😕 HP[+2] MP[-3]
You regained 2 hp, and now have 139/154 hp.
You lost 3 mp, and now have 9/32 mp.
The demonspawn is engulfed in freezing vapours. 😕 HP[+1] MP[+1]
You feel a surge of power!
A cannonade of hail descends around you!
The hail pelts the demonspawn!
The demonspawn is moderately wounded.
The demonspawn is engulfed in freezing vapours. 😕 HP[+1] MP[-3]
You lost 3 mp, and now have 7/32 mp.
You feel a surge of power!
A cannonade of hail descends around you!
The hail pelts the demonspawn!!
The demonspawn is severely wounded. 😕 HP[+1] MP[-3]
You lost 3 mp, and now have 4/32 mp.
You feel a surge of power!
A cannonade of hail descends around you!
The hail pelts the demonspawn!
The demonspawn is almost dead. 😕 HP[+2] MP[-3]
You regained 2 hp, and now have 144/154 hp.
You lost 3 mp, and now have 1/32 mp.
You don't have enough magic to cast this spell. 😕 HP[+1] MP[+1] 😕 HP[+1] 😕 HP[+1]
You block the demonspawn's attack. The demonspawn claws you!
The demonspawn closely misses you. 😕 HP[-10]
You take 10 damage, and now have 137/154 hp.
You block the demonspawn's attack. The demonspawn claws you!
The demonspawn gores you. 😕 HP[-21] MP[+1]
You take 21 damage, and now have 116/154 hp.
You block the demonspawn's attack. x2; The demonspawn gores you. 😮 HP[-2]
You take 2 damage, and now have 114/154 hp.
The demonspawn hits you.
You block the demonspawn's attack. x2 😮 HP[-4]
You take 4 damage, and now have 110/154 hp.
You block the demonspawn's attack. The demonspawn claws you!
The demonspawn barely misses you. 😮 HP[-10]
You take 10 damage, and now have 100/154 hp.
The demonspawn hits you but does no damage.
The demonspawn claws you! The demonspawn misses you. 😮 HP[-7]
You take 7 damage, and now have 93/154 hp.
The demonspawn hits you but does no damage.
The demonspawn claws you but does no damage.
You block the demonspawn's attack. 😮 HP[+1] MP[+1]
You block the demonspawn's attack. The demonspawn claws you!
You block the demonspawn's attack. 😮 HP[-14]
You take 14 damage, and now have 80/154 hp.
You block the demonspawn's attack. The demonspawn closely misses you.
You block the demonspawn's attack. 😮 HP[+2]
You regained 2 hp, and now have 82/154 hp.
The demonspawn hits you!
* * * LOW HITPOINT WARNING * * *
The demonspawn claws you but does no damage.
You block the demonspawn's attack.
An orc high priest comes into view. It is wielding a +0 glaive.
You block the demonspawn's attack. The demonspawn claws you!
* * * LOW HITPOINT WARNING * * *
You block the demonspawn's attack.
You block the demonspawn's attack. x2; The demonspawn gores you!
* * * LOW HITPOINT WARNING * * *
The demonspawn hits you!
* * * LOW HITPOINT WARNING * * *
You block the demonspawn's attack. x2
The demonspawn hits you!
* * * LOW HITPOINT WARNING * * *
The demonspawn claws you.
* * * LOW HITPOINT WARNING * * *
You block the demonspawn's attack. The demonspawn hits you!
* * * LOW HITPOINT WARNING * * *
You block the demonspawn's attack.
The demonspawn gores you but does no damage.
You block the demonspawn's attack. The demonspawn claws you!
* * * LOW HITPOINT WARNING * * *
The demonspawn closely misses you.
The orc high priest calls down the wrath of Beogh upon you.
Beogh smites you!
* * * LOW HITPOINT WARNING * * *
An orc sorcerer comes into view. It is wielding a +0 dagger.
You block the demonspawn's attack. The demonspawn closely misses you.
The demonspawn gores you!
You die...

Skill      XL: |  1  2  3  4  5  6  7  8  9 10 11 12 13 |
---------------+----------------------------------------+-----
Spellcasting   | 3 4 5 6 7 8 9 10 | 10.7
Ice Magic      | 4 5 6 7 8 9 |  9.0
Fighting       | 1 2 3 5 6 7 9 10 11 | 11.8
Shields        | 1 2 4 8 10 | 10.6
Air Magic      | 1 2 3 |  3.6
Conjurations   | 1 2 3 5 6 7 |  7.2
Dodging        | 2 4 |  4.0
Evocations     | 3 4 5 |  5.3
Armour         | 1 |  1.1
Summonings     | 2 4 |  4.3
Necromancy     | 2 4 |  4.3
Stealth        | |  1.4

Action                     |  1- 3 |  4- 6 |  7- 9 | 10-12 | 13-15 || total
---------------------------+-------+-------+-------+-------+-------++-------
  Melee: Dagger            |     7 |     2 |       |       |       ||     9
         Staff             |       |       |       |     6 |     5 ||    11
  Throw: Stone             |     8 |    30 |    44 |    41 |       ||   123
         Dart              |       |       |       |     6 |     4 ||    10
         Large rock        |       |       |       |     5 |       ||     5
   Cast: Freeze            |    37 |    64 |    85 |    82 |    36 ||   304
         Frozen Ramparts   |     3 |    13 |    26 |    30 |     8 ||    80
         Ozocubu's Armour  |       |     1 |     3 |       |     1 ||     5
         Shock             |       |       |    37 |   212 |       ||   249
         Hailstorm         |       |       |     3 |   181 |    82 ||   266
         Swiftness         |       |       |       |     5 |     2 ||     7
         Freezing Cloud    |       |       |       |     3 |     9 ||    12
         Sublimation of Bl |       |       |       |     1 |     8 ||     9
         Summon Ice Beast  |       |       |       |     1 |       ||     1
 Invoke: Curse Item        |       |       |     1 |     5 |     1 ||     7
  Evoke: Wand              |       |       |       |     8 |       ||     8
    Use: Scroll            |       |       |     6 |     3 |     1 ||    10
         Potion            |       |       |       |     1 |       ||     1
   Stab: Sleeping          |     4 |     1 |       |       |       ||     5
 Armour: Robe              |     2 |    11 |    16 |    38 |       ||    67
         Troll leather arm |       |       |       |    31 |     6 ||    37
  Dodge: Dodged            |     8 |    13 |    29 |   107 |    15 ||   172
  Block: Other             |       |     9 |    12 |       |       ||    21
         Kite shield       |       |       |    24 |   310 |    63 ||   397
         Reflection        |       |       |       |    11 |     7 ||    18

Levels and vault maps discovered:
D:1:      ldierk_walled_garden, layout_rooms,
          shapermc_ecumenical_altar_starsandcircs
D:2:      layout_loops_ring, basic_altar, uniq_robin
D:3:      layout_rooms, roderic_roman_lattice, uniq_ijyb
D:4:      layout_basic, lemuel_crystal_altar, kennysheep_little_box
D:5:      layout_basic, nicolae_shop_overcharged_wands
D:6:      layout_basic
D:7:      layout_rooms, nicolae_sif_muna_condensation,
          minmay_temple_entry_mini_moons, grunt_ministairs_15, hex_large
D:8:      layout_basic, uniq_psyche
D:9:      layout_long_grid, xom_teletrap_fun, nicolae_overflow_squiral,
          enter_bailey_5, serial_bayou_crossing
D:10:     layout_loops_ring, lemuel_crystal_altar, david_lair_shrubbed,
          serial_demonic, serial_demonic_b, serial_demonic_f, serial_demonic_f,
          serial_demonic_b, serial_demonic_g, serial_demonic_f,
          amethyst_killhole, hangedman_abyss_or_decor_passed
D:11:     layout_basic, nicolae_yredelemnul_corpse_copse
D:12:     layout_roguey, zombieorc2_lemuel
Temple:   regret_index_temple_waves
Orc:1:    layout_caves, serial_shops, nicolae_shop_statue_plus,
          nicolae_shop_tiny_glass, shop, gammafunk_ghost_arena, mines3_lemuel
Orc:2:    pf_orc_diabolical, layout_diamond_mine, nicolae_orc_rockfall,
          hellmonk_bongcloud_opening, minmay_orc_temple_c, uniq_saint_roka,
          uniq_donald

Notes
Turn   | Place    | Note
-------+----------+-------------------------------------------
     0 | D:1      | PigKeeper the Ogre Ice Elementalist began the quest for the
                  | Orb.
     0 | D:1      | Reached XP level 1. HP: 16/16 MP: 3/3
   142 | D:1      | Reached XP level 2. HP: 24/24 MP: 1/5
   283 | D:1      | Reached skill level 3 in Spellcasting
   446 | D:1      | You fall into a shaft and drop 1 floor!
   456 | D:2      | Reached skill level 4 in Ice Magic
   456 | D:2      | Reached XP level 3. HP: 26/31 MP: 3/7
   460 | D:2      | Learned a level 3 spell: Frozen Ramparts
   464 | D:2      | Learned a level 3 spell: Ozocubu's Armour
   774 | D:2      | Noticed Robin
   788 | D:2      | Killed Robin
   856 | D:2      | You pick up a book of Weapons and begin reading...
   856 | D:2      | You add the spells Tukima's Dance, Portal Projectile and
                  | Iskenderun's Mystic Blast to your library.
   919 | D:2      | Reached XP level 4. HP: 32/39 MP: 6/9
  1138 | D:2      | Found a stormy altar of Qazlal.
  1344 | D:2      | Identified the +0 robe "Xuipnug" {Dex+3}
  1585 | D:1      | Found a faded altar of an unknown god.
  1733 | D:3      | Reached skill level 4 in Spellcasting
  1816 | D:3      | Reached skill level 1 in Fighting
  1906 | D:3      | Reached XP level 5. HP: 48/48 MP: 7/11
  2039 | D:3      | You pick up a book of Lightning and begin reading...
  2039 | D:3      | You add the spells Vhi's Electric Charge, Arcjolt and
                  | Plasma Beam to your library.
  2194 | D:3      | Noticed Ijyb
  2250 | D:3      | You pick up a book of Air and begin reading...
  2250 | D:3      | You add the spells Shock, Swiftness and Airstrike to your
                  | library.
  2377 | D:3      | Reached skill level 1 in Shields
  2519 | D:4      | Learned a level 1 spell: Shock
  2684 | D:4      | Found a bloodstained altar of Trog.
  2712 | D:4      | Reached skill level 2 in Fighting
  2712 | D:4      | Reached skill level 5 in Ice Magic
  2712 | D:4      | Reached XP level 6. HP: 57/57 MP: 4/12
  3081 | D:4      | Found an ancient bone altar of Kikubaaqudgha.
  3241 | D:4      | Reached skill level 1 in Air Magic
  3424 | D:5      | Entered Level 5 of the Dungeon
  3535 | D:5      | Reached skill level 1 in Conjurations
  3592 | D:5      | Noticed a black bear
  3596 | D:5      | Killed a black bear
  3597 | D:5      | Reached skill level 2 in Shields
  3597 | D:5      | Reached XP level 7. HP: 59/66 MP: 3/13
  3599 | D:5      | Reached skill level 3 in Fighting
  3689 | D:5      | Found Sorereo's Overcharged Wands.
  3701 | D:5      | You pick up a book of Spatial Translocations and begin
                  | reading...
  3701 | D:5      | You add the spells Blink, Momentum Strike and Lesser
                  | Beckoning to your library.
  4168 | D:5      | Reached skill level 5 in Spellcasting
  4484 | D:5      | Reached skill level 2 in Conjurations
  4484 | D:5      | Reached skill level 2 in Air Magic
  4698 | D:6      | Reached skill level 6 in Ice Magic
  4698 | D:6      | Reached XP level 8. HP: 77/78 MP: 10/15
  4749 | D:6      | Reached skill level 4 in Fighting
  4833 | D:6      | Reached skill level 3 in Shields
  5040 | D:6      | Reached skill level 3 in Air Magic
  5235 | D:6      | Reached skill level 3 in Conjurations
  5255 | D:6      | Reached skill level 5 in Fighting
  5522 | D:6      | Identified the +9 mace "Hyipru" {drain, rC+ Dex+2 Stlth+}
  5584 | D:7      | Reached skill level 6 in Spellcasting
  5667 | D:7      | Noticed a yak
  5667 | D:7      | Noticed a yak
  5680 | D:7      | Noticed a yak
  5681 | D:7      | Killed a yak
  5682 | D:7      | Reached skill level 4 in Shields
  5682 | D:7      | Reached XP level 9. HP: 89/89 MP: 9/18
  5685 | D:7      | Reached skill level 6 in Fighting
  6032 | D:7      | You pick up a book of Frost and begin reading...
  6037 | D:7      | Learned a level 3 spell: Hailstorm
  6126 | D:7      | Found a staircase to the Ecumenical Temple.
  6135 | Temple   | Entered the Ecumenical Temple
  6162 | Temple   | Became a worshipper of Ashenzari the Shackled
  6303 | D:7      | Reached skill level 5 in Shields
  6445 | D:7      | Found a shimmering blue altar of Sif Muna.
  6663 | D:3      | Killed Ijyb
  6664 | D:3      | Reached skill level 7 in Spellcasting
  6801 | D:8      | You add the spells Summon Forest, Eringya's Noxious Bog and
                  | Summon Hydra to your library.
  6989 | D:8      | Reached skill level 6 in Shields
  7299 | D:8      | Noticed Psyche
  7306 | D:8      | Killed Psyche
  7307 | D:8      | Reached skill level 7 in Shields
  7716 | D:8      | Reached skill level 8 in Shields
  7880 | D:9      | Reached XP level 10. HP: 98/100 MP: 15/20
  7894 | D:9      | Found a flagged portal.
  7962 | Bailey   | Entered a bailey
  7981 | Bailey   | Reached * piety under Ashenzari
  8191 | Bailey   | Reached skill level 9 in Shields
  8191 | Bailey   | Noticed Grum
  8196 | Bailey   | Killed Grum
  8681 | Bailey   | Reached skill level 10 in Shields
  8823 | Bailey   | Identified the ring "Erifair" {Fire rElec rN+ MP+9}
  8917 | Bailey   | Identified a +0 crystal plate armour
  8935 | Bailey   | Reached skill level 7 in Fighting
  8937 | Bailey   | a +0 glaive; a +0 crystal plate armour {rare}; a gnoll
                  | corpse
  9054 | Bailey   | a +0 glaive; a +0 crystal plate armour {rare}; a gnoll
                  | corpse
  9525 | D:9      | Found a shimmering altar of Xom.
  9609 | D:9      | Found a glowing golden altar of the Shining One.
  9610 | D:9      | Found an iron altar of Okawaru.
  9797 | D:9      | Reached ** piety under Ashenzari
 10117 | D:10     | Entered Level 10 of the Dungeon
 10480 | D:10     | Reached skill level 2 in Dodging
 10480 | D:10     | Reached XP level 11. HP: 115/115 MP: 10/24
 10788 | D:10     | Reached skill level 8 in Fighting
 10954 | D:10     | Reached skill level 4 in Conjurations
 10954 | D:10     | Reached skill level 1 in Evocations
 10955 | D:10     | Reached skill level 8 in Spellcasting
 10955 | D:10     | Reached *** piety under Ashenzari
 11326 | D:10     | Found a staircase to the Lair.
 11474 | D:10     | Found a hazy altar of Hepliaklqana.
 11770 | D:11     | Reached skill level 3 in Dodging
 11859 | D:11     | Reached skill level 7 in Ice Magic
 11929 | D:11     | Reached skill level 2 in Evocations
 12221 | D:11     | Reached skill level 9 in Fighting
 12620 | D:11     | Noticed a boulder beetle
 12629 | D:11     | Killed a boulder beetle
 12630 | D:11     | Reached skill level 5 in Conjurations
 12670 | D:11     | Reached skill level 4 in Dodging
 12758 | D:11     | Reached **** piety under Ashenzari
 12770 | D:11     | Noticed a two-headed ogre
 12783 | D:11     | Killed a two-headed ogre
 12784 | D:11     | Reached skill level 3 in Evocations
 12784 | D:11     | Reached XP level 12. HP: 120/136 MP: 14/28
 13104 | D:11     | Reached skill level 1 in Armour
 13104 | D:11     | Reached skill level 9 in Spellcasting
 13159 | D:11     | Found a basalt altar of Yredelemnul.
 13437 | D:11     | You pick up a book of Alchemy and begin reading...
 13437 | D:11     | You add the spells Sublimation of Blood, Petrify and
                  | Irradiate to your library.
 13448 | D:11     | You add the spells Cigotuvi's Dreadful Rot, Ignite Poison
                  | and Freezing Cloud to your library.
 13454 | D:11     | Learned a level 4 spell: Summon Ice Beast
 13460 | D:11     | Learned a level 5 spell: Freezing Cloud
 13463 | D:11     | Learned a level 2 spell: Sublimation of Blood
 13750 | D:12     | Learned a level 3 spell: Swiftness
 13808 | D:12     | Found a staircase to the Orcish Mines.
 13822 | D:12     | Reached skill level 10 in Fighting
 13824 | D:12     | Reached skill level 1 in Summonings
 13824 | D:12     | Reached skill level 1 in Necromancy
 14039 | D:12     | Identified a scroll of acquirement
 14089 | Orc:1    | Entered Level 1 of the Orcish Mines
 14089 | Orc:1    | Found Faxkuwew's Antique Armour Shoppe.
 14106 | Orc:1    | Noticed Samael12321's ghost (journeyman TrFi)
 14107 | Orc:1    | Found a transporter.
 14112 | Orc:1    | Found a transporter.
 14290 | Orc:1    | Identified the +2 leather armour of Ru's Indignation {Harm
                  | Rampage rC++ Dex-2}
 14771 | Orc:1    | Found Robi's Antique Armour Emporium.
 14791 | Orc:1    | Found Jir Dyer's Antique Armour Shoppe.
 15164 | Orc:2    | Entered Level 2 of the Orcish Mines
 15349 | Orc:2    | Acquired 769 gold pieces
 15354 | Orc:2    | Reached ***** piety under Ashenzari
 15373 | Orc:2    | Reached skill level 8 in Ice Magic
 15449 | Orc:2    | Found a staircase to the Elven Halls.
 15453 | Orc:2    | Noticed Saint Roka
 15479 | Orc:2    | Killed Saint Roka
 15480 | Orc:2    | Reached skill level 6 in Conjurations
 15480 | Orc:2    | Reached skill level 2 in Summonings
 15480 | Orc:2    | Reached skill level 2 in Necromancy
 15480 | Orc:2    | Reached skill level 4 in Evocations
 16138 | Orc:2    | Noticed Donald
 16147 | Orc:2    | Killed Donald
 16148 | Orc:2    | Reached XP level 13. HP: 117/152 MP: 0/31
 16390 | Orc:2    | Found Zolow's Distillery.
 16392 | Orc:2    | Found Nuphuiri's Distillery.
 16433 | Orc:2    | Reached skill level 3 in Necromancy
 16434 | Orc:2    | Reached skill level 10 in Spellcasting
 16434 | Orc:2    | Reached skill level 3 in Summonings
 16598 | Orc:2    | Noticed an orc warlord
 16612 | Orc:2    | Killed an orc warlord
 16613 | Orc:2    | Reached skill level 11 in Fighting
 17033 | Orc:2    | Reached skill level 5 in Evocations
 17038 | Orc:2    | Learned a level 4 spell: Airstrike
 17044 | Orc:2    | Learned a level 5 spell: Arcjolt
 17119 | Orc:2    | Noticed an orc warlord
 17150 | Orc:2    | Killed an orc warlord
 17151 | Orc:2    | Reached skill level 7 in Conjurations
 17151 | Orc:2    | Reached skill level 4 in Summonings
 17151 | Orc:2    | Reached skill level 4 in Necromancy
 17965 | Orc:2    | Reached skill level 9 in Ice Magic
 17996 | Orc:2    | HP: 33/154 [demonspawn (12)]
 17998 | Orc:2    | HP: 15/154 [demonspawn (8)]
 17998 | Orc:2    | HP: 5/154 [orc high priest/divine providence (10)]
 17999 | Orc:2    | Slain by a demonspawn

Vanquished Creatures
  Donald (Orc:2)
  2 orc warlords (Orc:2)
  A demonspawn (Orc:2)
  A two-headed ogre (D:11)
  A boulder beetle (D:11)
  3 orc high priests (Orc:2)
  A sun demon (Orc:2)
  A sixfirhy (Orc:2)
  4 orc knights (Orc:2)
  10 orc sorcerers
  11 centaur zombies (D:11)
  A rust devil (Orc:2)
  2 slime creatures (D:12)
  An orange demon (D:10)
  Psyche (D:8)
  An unseen horror (D:12)
  2 ice devils (D:10)
  2 komodo dragons (D:10)
  5 trolls
  2 shadows
  3 vampires
  3 wyverns
  2 wraiths (D:11)
  A ynoxinul (D:10)
  10 yaks
  Grum (Bailey)
  A steam dragon (D:6)
  A warg (Orc:2)
  2 acid dragons
  A water moccasin (D:8)
  An ice beast (D:5)
  31 orc warriors
  2 black bears
  A sky beast (D:6)
  5 ogres
  3 wolves (Bailey)
  5 centaurs
  A phantom (D:12)
  2 kobold brigands
  9 gnoll sergeants (Bailey)
  A bullfrog (D:6)
  4 scorpions
  3 wights (D:9)
  A troll zombie (D:12)
  6 killer bees
  2 electric eels
  4 howler monkeys
  5 hounds
  4 quasits (D:10)
  9 gnoll boudas
  37 orc priests
  A jelly (D:6)
  4 iguanas
  Ijyb (D:3)
  18 orc wizards
  7 ogre zombies (D:12)
  Robin (D:2)
  22 gnolls
  9 adders
  3 shadow imps
  A white imp (D:7)
  An ufetubus (D:5)
  A worm (D:3)
  2 dart slugs
  77 orcs
  4 ball pythons
  6 endoplasms
  3 giant cockroaches
  16 goblins
  5 hobgoblins
  14 kobolds
  4 quokkas
  6 bats
  3 frilled lizards
  A goblin zombie (D:12)
  5 hobgoblin skeletons (D:12)
  4 hobgoblin zombies (D:12)
  2 orc skeletons (D:12)
  13 orc zombies (D:12)
  9 rats
457 creatures vanquished.

Vanquished Creatures (collateral kills)
  Saint Roka (Orc:2)
  An orc priest (Orc:2)
2 creatures vanquished.

Grand Total: 459 creatures vanquished

Table legend:
 A = Non-vault XP
 B = Vault XP
 C = Vault XP percentage of total XP
 D = Non-vault monster count
 E = Vault monster count
 F = Vault count percentage of total count
                 A         B        C        D         E       F
            +---------+---------+-------+---------+---------+-------
      Total |   16887 |   33060 |  66.2 |     253 |     206 |  44.9
            +---------+---------+-------+---------+---------+-------
        D:1 |      29 |       0 |   0.0 |      19 |       0 |   0.0
        D:2 |      72 |      32 |  30.8 |      15 |      10 |  40.0
        D:3 |     104 |      36 |  25.7 |      19 |       1 |   5.0
        D:4 |     255 |       0 |   0.0 |      17 |       0 |   0.0
        D:5 |     702 |       0 |   0.0 |      19 |       0 |   0.0
        D:6 |     909 |       0 |   0.0 |      21 |       0 |   0.0
        D:7 |     866 |     145 |  14.3 |      19 |       5 |  20.8
        D:8 |    1034 |     404 |  28.1 |       9 |       1 |  10.0
        D:9 |    1348 |       7 |   0.5 |      22 |       4 |  15.4
       D:10 |    2472 |    1915 |  43.7 |      12 |       9 |  42.9
       D:11 |    3257 |    5305 |  62.0 |      24 |      11 |  31.4
       D:12 |    1689 |     636 |  27.4 |       7 |      36 |  83.7
      Orc:1 |    1830 |       0 |   0.0 |      26 |       0 |   0.0
      Orc:2 |    2320 |   22771 |  90.8 |      24 |      98 |  80.3
     Bailey |       0 |    1809 | 100.0 |       0 |      31 | 100.0
            +---------+---------+-------+---------+---------+-------

Skill      XL: |  1  2  3  4  5  6  7  8  9 10 11 12 13 |
---------------+----------------------------------------+-----
Spellcasting   | 3 4 5 6 7 8 9 10 | 10.7
Ice Magic      | 4 5 6 7 8 9 |  9.0
Fighting       | 1 2 3 5 6 7 9 10 11 | 11.8
Shields        | 1 2 4 8 10 | 10.6
Air Magic      | 1 2 3 |  3.6
Conjurations   | 1 2 3 5 6 7 |  7.2
Dodging        | 2 4 |  4.0
Evocations     | 3 4 5 |  5.3
Armour         | 1 |  1.1
Summonings     | 2 4 |  4.3
Necromancy     | 2 4 |  4.3
Stealth        | |  1.4

Action                     |  1- 3 |  4- 6 |  7- 9 | 10-12 | 13-15 || total
---------------------------+-------+-------+-------+-------+-------++-------
  Melee: Dagger            |     7 |     2 |       |       |       ||     9
         Staff             |       |       |       |     6 |     5 ||    11
  Throw: Stone             |     8 |    30 |    44 |    41 |       ||   123
         Dart              |       |       |       |     6 |     4 ||    10
         Large rock        |       |       |       |     5 |       ||     5
   Cast: Freeze            |    37 |    64 |    85 |    82 |    36 ||   304
         Frozen Ramparts   |     3 |    13 |    26 |    30 |     8 ||    80
         Ozocubu's Armour  |       |     1 |     3 |       |     1 ||     5
         Shock             |       |       |    37 |   212 |       ||   249
         Hailstorm         |       |       |     3 |   181 |    82 ||   266
         Swiftness         |       |       |       |     5 |     2 ||     7
         Freezing Cloud    |       |       |       |     3 |     9 ||    12
         Sublimation of Bl |       |       |       |     1 |     8 ||     9
         Summon Ice Beast  |       |       |       |     1 |       ||     1
 Invoke: Curse Item        |       |       |     1 |     5 |     1 ||     7
  Evoke: Wand              |       |       |       |     8 |       ||     8
    Use: Scroll            |       |       |     6 |     3 |     1 ||    10
         Potion            |       |       |       |     1 |       ||     1
   Stab: Sleeping          |     4 |     1 |       |       |       ||     5
 Armour: Robe              |     2 |    11 |    16 |    38 |       ||    67
         Troll leather arm |       |       |       |    31 |     6 ||    37
  Dodge: Dodged            |     8 |    13 |    29 |   107 |    15 ||   172
  Block: Other             |       |     9 |    12 |       |       ||    21
         Kite shield       |       |       |    24 |   310 |    63 ||   397
         Reflection        |       |       |       |    11 |     7 ||    18

Illustrated notes

Table legend:
 A = Kills in this place as a percentage of kills in the entire game.
 B = Kills by you in this place as a percentage of kills by you in the entire game.
 C = Kills by friends in this place as a percentage of kills by friends in the entire game.
 D = Other kills in this place as a percentage of other kills in the entire game.
 E = Experience gained in this place as a percentage of experience gained in the entire game.
 F = Experience gained in this place divided by the number of levels of this place that you have seen.
                   A       B       C       D       E      F
               +-------+-------+-------+-------+-------+----------------------
         Total | 100.0 | 100.0 | 100.0 |   N/A | 100.0 | 3121.7
       Dungeon |  61.0 |  61.3 |   0.0 |   N/A |  42.5 | 1768.1
  Orcish Mines |  32.2 |  31.9 | 100.0 |   N/A |  53.9 | 13460.5
        Bailey |   6.8 |   6.8 |   0.0 |   N/A |   3.6 | 1809.0
               +-------+-------+-------+-------+-------+----------------------

Table legend: (Time is in decaauts)
 A = Elapsed time spent in this place.
 B = Non-inter-level travel time spent in this place.
 C = Inter-level travel time spent in this place.
 D = Time resting spent in this place.
 E = Time spent auto-exploring this place.
 F = Levels seen in this place.
 G = Mean time per level.
                   A        B        C        D        E       F      G
               +--------+--------+--------+--------+--------+-----+--------+
         Total |  18003 |  17256 |    747 |   1597 |  12419 |  16 | 1125.2 |
       Dungeon |  12906 |  12255 |    651 |    607 |   9570 |  12 | 1075.5 |
        Temple |     58 |      8 |     50 |      0 |      1 |   1 |   58.0 |
  Orcish Mines |   3915 |   3869 |     46 |    774 |   2244 |   2 | 1957.5 |
        Bailey |   1122 |   1122 |      0 |    216 |    604 |   1 | 1122.0 |
               +--------+--------+--------+--------+--------+-----+--------+

Top non-repeatable levels by time:
   Orc:2: 2760 daAuts
    D:11: 1778 daAuts
    D:10: 1597 daAuts
     D:5: 1255 daAuts
   Orc:1: 1154 daAuts
     D:9: 1136 daAuts
  Bailey: 1122 daAuts
     D:8: 1053 daAuts
     D:2: 1038 daAuts
     D:4: 994 daAuts
     D:7: 985 daAuts
     D:6: 936 daAuts
     D:3: 848 daAuts
     D:1: 678 daAuts
    D:12: 602 daAuts
